Map: Frost LE

Players

Logifresh - Winner!

  • Race: Protoss Protoss
  • League: Diamond

IMoGsPRIME

  • Race: Zerg Zerg
  • League: Master

VOD

Have the link to the VOD?

Description

Time

  • Played on: Aug. 12, 2016, 11:59 p.m.
  • Length: 15:51
Show
View Real Time Build Order
Export as new Build Order

Logifresh Protoss - Winner!

Build Orders: Nexus First 

Get SALT Encoding   

  12  0:01  Probe (Chrono Boost)  
  13  0:11  Probe (Chrono Boost)  
  14  0:18  Pylon  
  14  0:22  Probe (Chrono Boost)  
  15  0:36  Probe (Chrono Boost)  
  16  0:46  Probe (Chrono Boost)  
  17  1:00  Nexus  
  17  1:11  Gateway  
  17  1:13  Probe (Chrono Boost)  
  18  1:21  Assimilator  
  18  1:25  Assimilator  
  18  1:28  Probe (Chrono Boost)  
  19  1:38  Probe (Chrono Boost)  
  20  1:45  Gateway  
  20  1:47  Gateway  
  20  1:50  Probe (Chrono Boost)  
  21  2:01  Cybernetics Core  
  21  2:04  Probe (Chrono Boost)  
  22  2:14  Zealot  
  22  2:16  Probe (Chrono Boost)  
  26  2:23  Probe (Chrono Boost)  
  26  2:27  Probe (Chrono Boost)  
  27  2:36  Probe (Chrono Boost)  
  28  2:37  Adept  
  28  2:39  Adept  
  28  2:44  Probe (Chrono Boost)  
  32  2:46  Warp Gate  
  33  2:52  Probe (Chrono Boost)  
  33  2:54  Probe (Chrono Boost)  
  34  2:59  Pylon  
  34  3:04  Probe (Chrono Boost)  
  36  3:05  Probe (Chrono Boost)  
  36  3:11  Sentry  
  38  3:17  Probe x2 (Chrono Boost)  
  40  3:24  Twilight Council  
  40  3:41  Probe (Chrono Boost)  
  41  3:49  Probe (Chrono Boost)  
  41  3:51  Probe (Chrono Boost)  
  41  3:54  Nexus  
  41  3:56  Pylon  
  41  3:57  Pylon  
  41  3:59  Probe (Chrono Boost)  
  41  4:01  Blink  
  41  4:02  Probe (Chrono Boost)  
  41  4:05  Pylon  
  41  4:10  Probe (Chrono Boost)  
  41  4:15  Mothership Core (Chrono Boost)  
  44  4:21  Probe (Chrono Boost)  
  44  4:23  Assimilator  
  45  4:25  Assimilator  
  45  4:28  Gateway  
  45  4:29  Gateway  
  45  4:32  Probe (Chrono Boost)  
  45  4:33  Probe (Chrono Boost)  
  47  4:43  Robotics Facility  
  47  4:45  Forge, Probe (Chrono Boost)  
  48  4:48  Probe (Chrono Boost)  
  49  4:55  Probe (Chrono Boost)  
  49  4:58  Probe (Chrono Boost)  
  51  5:00  Sentry x2  
  51  5:06  Probe (Chrono Boost)  
  57  5:07  Probe (Chrono Boost)  
  57  5:09  Probe (Chrono Boost)  
  58  5:15  Gateway  
  58  5:16  Gateway, Probe (Chrono Boost)  
  58  5:17  Protoss Ground Weapons Level 1  
  58  5:19  Probe (Chrono Boost)  
  60  5:24  Probe (Chrono Boost)  
  60  5:27  Probe (Chrono Boost)  
  62  5:29  Assimilator  
  62  5:32  Stalker, Assimilator  
  62  5:33  Stalker  
  62  5:35  Warp Prism  
  68  5:37  Sentry  
  68  5:38  Sentry  
  68  5:40  Probe (Chrono Boost)  
  68  5:42  Probe (Chrono Boost)  
  74  5:45  Probe (Chrono Boost)  
  75  5:51  Probe (Chrono Boost)  
  75  5:53  Probe (Chrono Boost)  
  77  5:57  Stalker x2  
  77  6:02  Gateway  
  82  6:04  Probe (Chrono Boost), Gateway  
  82  6:07  Probe (Chrono Boost)  
  82  6:10  Charge  
  83  6:13  Pylon  
  84  6:18  Probe (Chrono Boost)  
  84  6:22  Probe (Chrono Boost)  
  85  6:27  Robotics Facility  
  85  6:31  Robotics Bay  
  85  6:32  Probe (Chrono Boost)  
  86  6:36  Stalker x3  
  90  6:52  Stalker x3  
  89  6:59  Probe (Chrono Boost)  
  88  7:08  Probe x2 (Chrono Boost)  
  90  7:10  Probe (Chrono Boost)  
  91  7:16  Pylon  
  91  7:17  Pylon  
  91  7:18  Protoss Ground Weapons Level 2  
  91  7:19  Pylon  
  91  7:28  Pylon  
  91  7:33  Probe (Chrono Boost)  
  91  7:34  Disruptor x2  
  98  7:38  Gateway  
  98  7:39  Gateway  
  98  7:41  Stalker x5  
  98  7:42  Stalker x2  
  98  7:44  Gateway  
  112  7:46  Probe (Chrono Boost)  
  112  7:49  Probe (Chrono Boost)  
  114  7:54  Pylon  
  114  8:18  Disruptor x2  
  120  8:23  Photon Cannon  
  120  8:27  Nexus  
  120  8:30  Pylon  
  120  8:31  Pylon  
  120  8:32  Photon Cannon  
  120  8:33  Pylon  
  120  8:37  Photon Cannon  
  120  8:40  Assimilator  
  120  8:43  Assimilator  
  120  8:48  Pylon  
  120  8:54  Observer x2  
  122  9:09  Stalker  
  124  9:10  Stalker x5  
  124  9:15  Warp Prism  
  136  9:29  Warp Prism  
  136  9:31  Photon Cannon  
  138  9:32  Photon Cannon  
  138  9:35  Photon Cannon  
  138  9:47  Gateway  
  138  9:49  Gateway  
  138  9:51  Gateway  
  138  10:16  Immortal x2  
  146  10:25  Pylon  
  146  10:27  Pylon  
  146  10:28  Stalker x3  
  146  10:29  Stalker x3  
  146  11:03  Zealot x5  
  146  11:04  Zealot x4  
  144  11:05  Zealot x2  
  154  11:18  Stargate  
  154  11:20  Stargate  
  154  11:22  Stargate  
  154  11:24  Stargate  
  152  11:25  Stargate  
  152  11:26  Zealot x3  
  152  11:27  Zealot x7  
  152  11:28  Zealot  
  172  11:44  Disruptor x2  
  178  11:59  Dark Shrine  
  178  12:06  Protoss Ground Weapons Level 3  
  156  12:18  Nexus  
  156  12:20  Pylon  
  156  12:21  Immortal x2, Pylon  
  164  12:23  Zealot x4, Pylon  
  147  13:00  Zealot x4  
  147  13:01  Zealot x6  
  147  13:02  Zealot  
  143  13:29  Fleet Beacon  
  123  13:43  Zealot x3  
  123  13:44  Zealot x4  
  123  13:45  Zealot x3  
  123  13:46  Zealot  
  130  14:09  Dark Templar, Templar Archives  
  132  14:10  Dark Templar x4  
  140  14:17  Photon Cannon  
  140  14:19  Photon Cannon  
  140  14:21  Photon Cannon  
  140  14:22  Gateway  
  140  14:25  Gateway  
  140  14:26  Dark Templar x2  
  140  14:27  Dark Templar  
  146  14:31  Disruptor x2  
  146  14:33  Archon  
  146  14:34  Archon  
  146  14:38  Zealot x3  
  158  14:52  Assimilator  
  152  14:55  Sentry x2  
  152  14:56  Sentry x2  
  152  14:57  Assimilator  
  156  15:02  Disruptor x2  
Show
View Real Time Build Order
Export as new Build Order

IMoGsPRIME Zerg 

Build Orders: Pool First, Lurkers 

Get SALT Encoding   

  12  0:01  Drone  
  13  0:13  Overlord  
  13  0:18  Drone  
  14  0:34  Drone x2  
  14  0:35  Drone  
  17  0:46  Spawning Pool  
  17  0:50  Drone  
  17  1:12  Hatchery  
  17  1:14  Drone  
  17  1:20  Drone  
  17  1:22  Drone, Extractor  
  18  1:34  Queen  
  20  1:41  Zergling x2  
  20  1:42  Zergling x2  
  22  1:52  Overlord  
  22  2:15  Drone x2  
  24  2:16  Queen  
  26  2:31  Drone x2  
  26  2:32  Queen  
  30  2:42  Drone x2  
  31  2:45  Metabolic Boost  
  31  2:52  Queen  
  33  3:01  Roach Warren, Drone  
  33  3:02  Drone  
  33  3:04  Drone  
  35  3:12  Overlord  
  35  3:14  Drone  
  36  3:32  Drone x8  
  39  3:56  Drone x5  
  43  4:03  Drone  
  43  4:05  Overlord  
  43  4:08  Overlord x3  
  44  4:18  Lair  
  44  4:28  Drone  
  45  4:31  Hatchery  
  45  4:38  Drone x4  
  45  4:39  Extractor, Evolution Chamber  
  45  4:41  Roach  
  48  4:50  Roach x3  
  54  4:54  Drone x2  
  54  4:55  Drone  
  54  4:56  Extractor  
  56  5:03  Drone x4  
  56  5:06  Zerg Missile Weapons Level 1, Extractor  
  59  5:11  Evolution Chamber  
  58  5:16  Roach x3  
  64  5:27  Drone x3  
  67  5:28  Overlord  
  67  5:33  Overlord  
  67  5:41  Roach x2  
  67  5:42  Roach  
  73  5:44  Glial Reconstitution  
  73  5:52  Roach  
  73  5:53  Roach x2  
  79  6:00  Drone x4  
  79  6:02  Drone  
  84  6:07  Drone x2  
  84  6:10  Drone  
  87  6:11  Drone  
  87  6:14  Hatchery, Drone x2  
  87  6:16  Overseer  
  87  6:18  Drone  
  90  6:24  Drone x2  
  92  6:26  Overlord  
  92  6:30  Overlord  
  92  6:31  Hydralisk Den  
  92  6:32  Ravager x3  
  94  6:33  Ravager  
  95  6:40  Overlord  
  95  6:41  Overlord x2  
  92  6:51  Roach x5  
  98  6:59  Drone x5  
  98  7:00  Extractor  
  98  7:01  Extractor, Lurker Den  
  101  7:05  Drone x3  
  104  7:16  Drone x3  
  104  7:19  Queen  
  104  7:20  Zerg Missile Weapons Level 2  
  109  7:27  Drone x2  
  109  7:28  Drone x4  
  115  7:39  Hydralisk x5  
  115  7:40  Hydralisk  
  127  7:47  Zerg Ground Armor Level 1  
  127  7:51  Drone x3  
  127  7:52  Drone x4  
  127  7:55  Extractor x2  
  132  8:00  Pneumatized Carapace  
  132  8:05  Spine Crawler x2  
  132  8:06  Spine Crawler  
  132  8:08  Spore Crawler  
  132  8:11  Spine Crawler  
  130  8:14  Spine Crawler  
  130  8:15  Spine Crawler  
  130  8:16  Drone x3  
  130  8:17  Drone x2, Spine Crawler x3  
  130  8:18  Drone  
  131  8:22  Spine Crawler  
  131  8:23  Drone x3  
  133  8:27  Drone x4  
  137  8:34  Hydralisk x2  
  137  8:35  Overlord  
  137  8:40  Muscular Augments  
  137  8:41  Overlord  
  141  8:49  Spine Crawler  
  141  8:50  Spine Crawler  
  141  8:53  Drone x5  
  142  8:55  Spine Crawler  
  142  8:57  Spine Crawler  
  140  9:05  Ravager x5  
  140  9:06  Ravager x3, Hydralisk  
  140  9:07  Hydralisk x4  
  158  9:17  Lurker  
  158  9:18  Lurker  
  158  9:19  Overlord  
  158  9:20  Overlord x3  
  160  9:28  Infestation Pit  
  159  9:39  Overlord  
  159  9:40  Lurker  
  159  9:41  Lurker x5  
  159  9:43  Roach  
  159  9:44  Roach x5  
  177  9:59  Hatchery  
  176  10:15  Roach  
  176  10:16  Roach x7  
  176  10:17  Overlord x2  
  192  10:28  Hive, Zerg Melee Weapons Level 1  
  192  10:29  Zerg Ground Armor Level 2  
  172  10:53  Roach  
  158  11:03  Hydralisk x12  
  158  11:04  Hydralisk x5  
  170  11:15  Hatchery  
  170  11:16  Roach x4  
  177  11:25  Hydralisk x2  
  179  11:27  Hydralisk x3  
  179  11:28  Hydralisk x5  
  187  11:45  Lurker x2  
  187  11:46  Roach x5  
  199  11:53  Lurker x2  
  198  11:54  Roach  
  198  11:59  Overlord x3  
  198  12:00  Overseer x3  
  200  12:34  Hatchery  
  130  12:56  Hydralisk  
  130  12:57  Hydralisk x26  
  176  13:05  Roach x5  
  176  13:06  Roach  
  169  13:18  Hydralisk  
  169  13:19  Hydralisk x3  
  174  13:23  Hydralisk x3  
  177  13:27  Roach x2  
  177  13:28  Roach  
  172  13:48  Roach x2  
  172  13:49  Roach x6  
  173  13:57  Roach  
  165  14:04  Lurker x4  
  165  14:06  Zergling x6  
  172  14:18  Hatchery, Roach  
  172  14:19  Roach  
  172  14:20  Spine Crawler  
  172  14:21  Spine Crawler  
  172  14:22  Overlord  
  166  14:24  Overseer x2  
  166  14:29  Overlord x2  
  166  14:30  Overseer x2  
  163  14:38  Lurker x4  
  167  14:39  Hatchery  
  167  14:40  Zergling x4  
  167  14:44  Roach  
  170  14:50  Overseer x2  
  161  15:13  Hatchery  
Tags
 
Add a new tag
Caveats
  • Supply blocks, unpowered buildings, or Contaminate may cause inaccurate times.
  • Supply counts are checked every 10 seconds.